PUB
EDMONTON TRAPPERS @ BRONX BOMBERS
08/14/1972
 
TOP OF THE 1ST
Edmonton Trappers batting - Pitching for Bronx Bombers : LHP Meddur Siwazuri
Pitching: LHP Meddur Siwazuri
Batting: RHB Simon Decker 0-0: Swinging Strike
0-1: Ground out 6-3 (Groundball, 6, EV 88.1 MPH)
Batting: RHB Nick Young 0-0: Ball
1-0: Ball
2-0: Ball
3-0: Base on Balls
Batting: LHB Emílio Martínez 0-0: Called Strike
0-1: Swinging Strike
0-2: Strikes out looking
Batting: LHB Dave Clark 0-0: Called Strike
0-1: Ball
1-1: Ball
2-1: Ball
3-1: Foul Ball, location: 7LMF
3-2: Fly out, F8 (Line Drive, 89M, EV 103.8 MPH)
Top of the 1st over - 0 runs, 0 hits, 0 errors, 1 left on base; Edmonton 0 - Bronx 0
BOTTOM OF THE 1ST
Bronx Bombers batting - Pitching for Edmonton Trappers : LHP Richard Fullerton
Pitching: LHP Richard Fullerton
Batting: LHB Joe Warren 0-0: Called Strike
0-1: Swinging Strike
0-2: Ground out U3 (Groundball, 3, EV 103.1 MPH)
Batting: RHB Domingo Mora 0-0: Foul Ball, location: 2F
0-1: Ball
1-1: Ball
2-1: Ground out 4-3 (Groundball, 4, EV 90.6 MPH)
Batting: RHB Jeffery Reynolds 0-0: Ground out 6-3 (Groundball, 6MD, EV 105.6 MPH)
Bottom of the 1st over - 0 runs, 0 hits, 0 errors, 0 left on base; Edmonton 0 - Bronx 0
TOP OF THE 2ND
Edmonton Trappers batting - Pitching for Bronx Bombers : LHP Meddur Siwazuri
Batting: RHB Arnie Pratt 0-0: Fly out, F6 (Line Drive, 6MD, EV 70.0 MPH)
Batting: SHB Joe Ramírez 0-0: SINGLE (Flyball, 5D, EV 93.8 MPH)
Batting: RHB Zoilo Versalles 0-0: Ball
1-0: Ball
2-0: Fly out, F8 (Flyball, 8RS, EV 93.8 MPH)
Batting: LHB Dave Griffith 0-0: Ground out U3 (Groundball, 3, EV 85.6 MPH)
Top of the 2nd over - 0 runs, 1 hit, 0 errors, 1 left on base; Edmonton 0 - Bronx 0
BOTTOM OF THE 2ND
Bronx Bombers batting - Pitching for Edmonton Trappers : LHP Richard Fullerton
Batting: LHB Chris Gunter 0-0: Ball
1-0: Foul Ball, location: 7LDF
1-1: Ball
2-1: Foul Ball, location: 9LDF
2-2: Foul Ball, location: 2F
2-2: Ball
3-2: Foul Ball, location: 25F
3-2: Fly out, F4 (Flyball, 4MD, EV 90.0 MPH)
Batting: RHB José Rodríguez 0-0: Ball
1-0: Swinging Strike
1-1: Fly out, F4 (Popup, 34D, EV 50.0 MPH)
Batting: RHB Jim Wynn 0-0: Swinging Strike
0-1: Called Strike
0-2: Foul Ball, location: 9LSF
0-2: Foul Ball, location: 25FF
0-2: SINGLE (Flyball, 56D, EV 88.1 MPH)
Batting: RHB Juan Beniquez 0-0: Ball
1-0: Ball
Jim Wynn steals 2nd base
2-0: Ground out 6-3 (Groundball, 6, EV 81.3 MPH)
Bottom of the 2nd over - 0 runs, 1 hit, 0 errors, 1 left on base; Edmonton 0 - Bronx 0
TOP OF THE 3RD
Edmonton Trappers batting - Pitching for Bronx Bombers : LHP Meddur Siwazuri
Batting: SHB Richard Fullerton 0-0: Called Strike
0-1: Ball
1-1: Ball
2-1: Ball
3-1: Base on Balls
Batting: RHB Simon Decker 0-0: Ball
1-0: SINGLE (Line Drive, 34D, EV 103.8 MPH)
Richard Fullerton to second
Batting: RHB Nick Young 0-0: Ball
1-0: Sac Bunt to 23 - play at third, runner OUT! 3-5
Simon Decker to second
Batting: LHB Emílio Martínez 0-0: Foul Ball, location: 7LSF
0-1: Ball
1-1: Called Strike
1-2: Foul Ball, location: 2F
1-2: Ball
2-2: Fielders Choice at 2nd, 3-6 (Groundball, 34S, EV 101.9 MPH)
Simon Decker to third
Batting: LHB Dave Clark 0-0: Ball
1-0: Foul Ball, location: 7LDF
1-1: Foul Ball, location: 2LF
1-2: Strikes out looking
Top of the 3rd over - 0 runs, 1 hit, 0 errors, 2 left on base; Edmonton 0 - Bronx 0
BOTTOM OF THE 3RD
Bronx Bombers batting - Pitching for Edmonton Trappers : LHP Richard Fullerton
Batting: SHB Shane Webb 0-0: Ball
1-0: Ball
2-0: Foul Ball, location: 2F
2-1: SINGLE (Groundball, 3D, EV 93.8 MPH)
Batting: LHB Meddur Siwazuri 0-0: Sac Bunt to 15 - play at first, batter OUT! 1-3
Shane Webb to second
Batting: LHB Joe Warren 0-0: Ball
1-0: Ball
2-0: Ball
3-0: Called Strike
3-1: Swinging Strike
3-2: Base on Balls
Batting: RHB Domingo Mora 0-0: Ball
1-0: DOUBLE (Line Drive, 78M, EV 111.3 MPH)
Shane Webb scores
Joe Warren to third
Batting: RHB Jeffery Reynolds 0-0: Ball
1-0: Swinging Strike
1-1: Called Strike
1-2: Ball
2-2: Strikes out swinging
Batting: LHB Chris Gunter 0-0: Called Strike
0-1: Fly out, F4 (Popup, 4MD, EV 66.3 MPH)
Bottom of the 3rd over - 1 run, 2 hits, 0 errors, 2 left on base; Edmonton 0 - Bronx 1
TOP OF THE 4TH
Edmonton Trappers batting - Pitching for Bronx Bombers : LHP Meddur Siwazuri
Batting: RHB Arnie Pratt 0-0: Ball
1-0: Ball
2-0: Called Strike
2-1: Ball
3-1: Base on Balls
Batting: SHB Joe Ramírez 0-0: Ball
1-0: Grounds into double play, 5-4-3 (Groundball, 56, EV 82.5 MPH)
Batting: RHB Zoilo Versalles 0-0: Foul Ball, location: 25F
0-1: SOLO HOME RUN (Flyball, 7D, EV 98.8 MPH), Distance : 393 ft
Batting: LHB Dave Griffith 0-0: Foul Ball, location: 2F
0-1: Foul Ball, location: 2F
0-2: Foul Ball, location: 23F
0-2: DOUBLE (Line Drive, 7LS, EV 111.3 MPH)
Batting: SHB Richard Fullerton 0-0: Ball
1-0: Ball
2-0: Called Strike
2-1: Swinging Strike
2-2: Ball
3-2: Strikes out looking
Top of the 4th over - 1 run, 2 hits, 0 errors, 1 left on base; Edmonton 1 - Bronx 1
BOTTOM OF THE 4TH
Bronx Bombers batting - Pitching for Edmonton Trappers : LHP Richard Fullerton
Batting: RHB José Rodríguez 0-0: Ground out 6-3 (Groundball, 6S, EV 87.5 MPH)
Batting: RHB Jim Wynn 0-0: Ball
1-0: Foul Ball, location: 2F
1-1: Foul Ball, location: 5FF
1-2: DOUBLE (Line Drive, 9LS, EV 109.4 MPH)
Batting: RHB Juan Beniquez 0-0: Foul Ball, location: 5DF
0-1: SINGLE (Line Drive, 4M, EV 99.4 MPH)
Jim Wynn to third
Batting: SHB Shane Webb 0-0: Called Strike
0-1: Ball
1-1: Foul Ball, location: 9LSF
1-2: Ball
2-2: Ball
3-2: Base on Balls
Juan Beniquez to second
Batting: LHB Meddur Siwazuri 0-0: Ball
1-0: SINGLE (Groundball, 6MD, EV 98.1 MPH)
Jim Wynn scores
Juan Beniquez to third
Shane Webb to second
Runner from 3rd tries for Home, SAFE, throw by CF to home
Batting: LHB Joe Warren 0-0: Foul Ball, location: 7LMF
0-1: Ball
1-1: Grounds into double play, 1-4-3 (Groundball, 15, EV 68.8 MPH)
Bottom of the 4th over - 2 runs, 3 hits, 0 errors, 1 left on base; Edmonton 1 - Bronx 3
TOP OF THE 5TH
Edmonton Trappers batting - Pitching for Bronx Bombers : LHP Meddur Siwazuri
Batting: RHB Simon Decker 0-0: Ball
1-0: Ball
2-0: Ball
3-0: Foul Ball, location: 2F
3-1: Foul Ball, location: 9LSF
3-2: Strikes out swinging
Batting: RHB Nick Young 0-0: Swinging Strike
0-1: Ball
1-1: Ball
2-1: Swinging Strike
2-2: Ground out 6-3 (Groundball, 6, EV 110.0 MPH)
Batting: LHB Emílio Martínez 0-0: Called Strike
0-1: Called Strike
0-2: Foul Ball, location: 5FF
0-2: Strikes out looking
Top of the 5th over - 0 runs, 0 hits, 0 errors, 0 left on base; Edmonton 1 - Bronx 3
BOTTOM OF THE 5TH
Bronx Bombers batting - Pitching for Edmonton Trappers : LHP Richard Fullerton
Batting: RHB Domingo Mora 0-0: Called Strike
0-1: Ball
1-1: Ground out U3 (Groundball, 3, EV 103.8 MPH)
Batting: RHB Jeffery Reynolds 0-0: Ball
1-0: Foul Ball, location: 9LSF
1-1: Foul Ball, location: 2F
1-2: SOLO HOME RUN (Flyball, 9LD, EV 93.1 MPH), Distance : 340 ft
Batting: LHB Chris Gunter 0-0: Ball
1-0: Fly out, F8 (Flyball, 8RXD, EV 106.3 MPH)
Batting: RHB José Rodríguez 0-0: Ball
1-0: Swinging Strike
1-1: Foul Ball, location: 5FF
1-2: Ball
2-2: Ball
3-2: Strikes out swinging
Bottom of the 5th over - 1 run, 1 hit, 0 errors, 0 left on base; Edmonton 1 - Bronx 4
TOP OF THE 6TH
Edmonton Trappers batting - Pitching for Bronx Bombers : LHP Meddur Siwazuri
Batting: LHB Dave Clark 0-0: Called Strike
0-1: Hit by Pitch
Batting: RHB Arnie Pratt 0-0: Foul Ball, location: 9LSF
0-1: Ball
1-1: Fly out, F8 (Flyball, 8LD, EV 97.5 MPH)
Batting: SHB Joe Ramírez 0-0: Called Strike
0-1: Ball
1-1: Foul Ball, location: 5SF
1-2: Ball
2-2: Ball
3-2: Base on Balls
Dave Clark to second
Batting: RHB Zoilo Versalles 0-0: Foul Ball, location: 7LSF
0-1: SINGLE (Flyball, 8LS, EV 98.1 MPH)
Dave Clark to third
Joe Ramírez to second
Runner from 3rd tries for Home, SAFE, throw by CF to home
Batting: LHB Dave Griffith 0-0: Swinging Strike
0-1: Foul Ball, location: 7LDF
0-2: SINGLE (Flyball, 6D, EV 92.5 MPH)
Joe Ramírez to third
Zoilo Versalles to second
Pinch Hitting: RHB Aaron Mitchell 0-0: Ball
1-0: Ball
2-0: Swinging Strike
2-1: Foul Ball, location: 23F
2-2: Foul Ball, location: 5SF
2-2: Strikes out swinging
Batting: RHB Simon Decker 0-0: Called Strike
0-1: Ball
1-1: Ball
2-1: Foul Ball, location: 2F
2-2: Fly out, F9 (Flyball, 9, EV 94.4 MPH)
Top of the 6th over - 1 run, 2 hits, 0 errors, 3 left on base; Edmonton 2 - Bronx 4
BOTTOM OF THE 6TH
Bronx Bombers batting - Pitching for Edmonton Trappers : LHP Richard Fullerton
Pitching: RHP Héctor Rodríguez
Batting: RHB Jim Wynn 0-0: Ball
1-0: Foul Ball, location: 23FF
1-1: Ball
2-1: Foul Ball, location: 9LSF
2-2: Foul Ball, location: 5F
2-2: Foul Ball, location: 9LSF
2-2: Ball
3-2: Fly out, F4 (Flyball, 4D, EV 99.4 MPH)
Batting: RHB Juan Beniquez 0-0: Called Strike
0-1: Called Strike
0-2: Ball
1-2: Strikes out swinging
Batting: SHB Shane Webb 0-0: Ball
1-0: Ball
2-0: Ball
3-0: Called Strike
3-1: SINGLE (Flyball, 8LS, EV 85.6 MPH)
Batting: LHB Meddur Siwazuri 0-0: Ground out 4-3 (Groundball, 4S, EV 65.0 MPH)
Bottom of the 6th over - 0 runs, 1 hit, 0 errors, 1 left on base; Edmonton 2 - Bronx 4
TOP OF THE 7TH
Edmonton Trappers batting - Pitching for Bronx Bombers : LHP Meddur Siwazuri
Batting: RHB Nick Young 0-0: Ball
1-0: Called Strike
1-1: Foul Ball, location: 5FF
1-2: Foul Ball, location: 5DF
1-2: Ball
2-2: Foul Ball, location: 9LMF
2-2: Ground out 4-3 (Groundball, 4, EV 102.5 MPH)
Batting: LHB Emílio Martínez 0-0: Foul Ball, location: 3F
0-1: Called Strike
0-2: Ball
1-2: Ball
2-2: Ground out 6-3 (Groundball, 6, EV 88.1 MPH)
Batting: LHB Dave Clark 0-0: Called Strike
0-1: Foul Ball, location: 3F
0-2: Strikes out swinging
Top of the 7th over - 0 runs, 0 hits, 0 errors, 0 left on base; Edmonton 2 - Bronx 4
BOTTOM OF THE 7TH
Bronx Bombers batting - Pitching for Edmonton Trappers : RHP Héctor Rodríguez
Batting: LHB Joe Warren 0-0: Called Strike
0-1: Called Strike
0-2: Ball
1-2: Foul Ball, location: 2F
1-2: Ball
2-2: Ball
3-2: Strikes out looking
Batting: RHB Domingo Mora 0-0: Foul Ball, location: 2LF
0-1: Foul Ball, location: 9LDF
0-2: Fly out, F3 (Popup, 3SF, EV 78.8 MPH)
Batting: RHB Jeffery Reynolds 0-0: Ball
1-0: Ball
2-0: Swinging Strike
2-1: Foul Ball, location: 3SF
2-2: Ground out 4-3 (Groundball, 4MD, EV 97.5 MPH)
Bottom of the 7th over - 0 runs, 0 hits, 0 errors, 0 left on base; Edmonton 2 - Bronx 4
TOP OF THE 8TH
Edmonton Trappers batting - Pitching for Bronx Bombers : LHP Meddur Siwazuri
Pitching: RHP Christian Osborn
Now in LF: Jim Wynn
Now in CF: Roger Allen
Batting: RHB Arnie Pratt 0-0: Called Strike
0-1: Foul Ball, location: 9LSF
0-2: Strikes out looking
Batting: SHB Joe Ramírez 0-0: Ball
1-0: Ground out 6-3 (Groundball, 4M, EV 108.8 MPH)
Batting: RHB Zoilo Versalles 0-0: Fly out, F3 (Popup, 3SF, EV 68.8 MPH)
Top of the 8th over - 0 runs, 0 hits, 0 errors, 0 left on base; Edmonton 2 - Bronx 4
BOTTOM OF THE 8TH
Bronx Bombers batting - Pitching for Edmonton Trappers : RHP Héctor Rodríguez
Batting: LHB Chris Gunter 0-0: Fly out, F3 (Popup, 34, EV 67.5 MPH)
Batting: RHB José Rodríguez 0-0: Ball
1-0: Ground out 5-3 (Groundball, 56S, EV 75.6 MPH)
Batting: RHB Jim Wynn 0-0: Ball
1-0: Called Strike
1-1: Ball
2-1: Ground out 3-1 (Groundball, 34, EV 83.8 MPH)
Bottom of the 8th over - 0 runs, 0 hits, 0 errors, 0 left on base; Edmonton 2 - Bronx 4
TOP OF THE 9TH
Edmonton Trappers batting - Pitching for Bronx Bombers : RHP Christian Osborn
Pitching: RHP Pablo Guzmán
Batting: LHB Dave Griffith 0-0: Called Strike
0-1: Ball
1-1: Foul Ball, location: 7LSF
1-2: Ball
2-2: Foul Ball, location: 2F
2-2: Foul Ball, location: 23F
2-2: Ball
3-2: SINGLE (Groundball, 4MD, EV 95.6 MPH)
Pinch Hitting: LHB Peter Reece 0-0: Swinging Strike
0-1: Ball
1-1: Foul Ball, location: 23F
1-2: Strikes out looking
Batting: RHB Simon Decker 0-0: Foul Ball, location: 2F
0-1: Swinging Strike
0-2: Ball
1-2: Ball
2-2: Fly out, F3 (Popup, 13, EV 90.0 MPH)
Batting: RHB Nick Young 0-0: Ball
1-0: Ball
2-0: Foul Ball, location: 9LSF
2-1: Called Strike
2-2: Ball
3-2: Foul Ball, location: 3SF
3-2: Base on Balls
Dave Griffith to second
Batting: LHB Emílio Martínez 0-0: Ball
1-0: Called Strike
1-1: Foul Ball, location: 2F
1-2: Ball
2-2: Ball
3-2: Foul Ball, location: 2F
3-2: Strikes out swinging
Top of the 9th over - 0 runs, 1 hit, 0 errors, 2 left on base; Edmonton 2 - Bronx 4
Tuesday, April 23rd , 2024 - OOTP Baseball 24.8 Build 75